AoeStats
← plt143

Arabia

510133742Analyzed
1v1 RM · 4d ago on Sep 29, 2026· 53m 15s· 2 players
Game mode
Random Map
Map size
Tiny (2 player)
Population
200
Speed
Normal
Resources
Standard
Victory
Conquest
Starting age
Dark Age
Ending age
Imperial Age
RankedLock teamsTeams togetherTeam positionsShared explorationLock speedFull tech treeHidden civsTurbo modeCheats
Victory
Defeat
🇺🇸 Danes · United States
1015
+16
🇹🇷 Burmese · Türkiye
1005
-16
plt143
6:19 Loom
9:27 Feudal Age
9:57 Horse Collar
19:18 Wheelbarrow
22:21 Castle Age
20:52 Bloodlines
20:50 Scale Barding Armor
20:46 Scale Mail Armor
21:01 Gold Mining
21:48 Forging
24:06 Chain Barding Armor
23:51 Heavy Plow
25:40 Chain Mail Armor
26:01 Iron Casting
25:59 Gambesons
26:53 Man-at-Arms
28:33 Long Swordsman
38:29 Squires
38:22 Arson
41:19 Padded Archer Armor
46:55 Imperial Age
47:07 Two-Handed Swordsman
52:03 Blast Furnace
ArtBla
10:24 Feudal Age
11:13 Man-at-Arms
17:10 Loom
19:27 Castle Age
17:24 Arson
17:51 Double-Bit Axe
19:57 Scale Mail Armor
20:27 Gambesons
20:37 Long Swordsman
21:51 Squires
22:12 Chain Mail Armor
25:43 Forging
27:34 Horse Collar
29:34 Heavy Plow
32:13 Bow Saw
31:56 Gold Mining
33:44 Wheelbarrow
32:55 Town Watch
34:29 Iron Casting
35:45 Gold Shaft Mining
36:02 Hand Cart
36:43 Fletching
38:22 Murder Holes
41:08 Imperial Age
41:09 Elite Varangian Guard
42:53 Plate Mail Armor
43:24 Blast Furnace
42:50 Conscription
48:18 Bodkin Arrow
51:24 Ballistics
51:27 Elite Jomsviking
Connection lost

Rejoining the realm…

Still unreachable

The connection could not be restored.

Session expired

The server has moved on; the page needs a fresh start.